 Dungeon Crawl Stone Soup version 0.18-a0-1782-gb76a692 (webtiles) character file.

698 namelastname112 the Conjurer (level 7, 50/50 HPs)
             Began as a Yellow Draconian Conjurer on Apr 17, 2016.
             Quit the game on level 4 of the Dungeon.
             The game lasted 00:10:03 (4716 turns).

namelastname112 the Conjurer (DrCj)                 Turns: 4716, Time: 00:10:04

Health: 50/50      AC:  7    Str: 10    XL:     7   Next: 38%
Magic:  14/14      EV: 12    Int: 17    God:
Gold:   170        SH:  0    Dex: 12    Spells: 3 memorised, 7 levels left

rFire  . . .     SeeInvis .     x - +4 quarterstaff (chaos)
rCold  . . .     Gourm    .     (armour unavailable)
rNeg   + . .     Faith    .     (shield currently unavailable)
rPois  .         Spirit   .     (helmet restricted)
rElec  .         Dismiss  .     w - +0 cloak {+Inv}
rCorr  +         Reflect  .     (no gloves)
SustAt .         Harm     .     (no boots)
MR     .....                    (no amulet)
Stlth  ++........               u - ring of positive energy
                                n - +2 ring of slaying

@: not resistant to hostile enchantments, unstealthy
A: spit acid, acid resistance, unfitting armour, cold-blooded, AC +6
a: Spit Acid, Evoke Invisibility


You were on level 4 of the Dungeon.
You were not hungry.

You visited 1 branch of the dungeon, and saw 5 of its levels.

You collected 170 gold pieces.

Inventory:

Hand Weapons
 x - a +4 quarterstaff of chaos (weapon)
Armour
 f - a +0 buckler
 w - a +0 cloak of invisibility (worn)
Jewellery
 n - a +2 ring of slaying (left hand)
 u - a ring of positive energy (right hand)
Scrolls
 c - a scroll of blinking {unknown}
 d - a scroll of enchant weapon {unknown}
 g - 2 scrolls of magic mapping {unknown}
 i - 6 scrolls of identify {unknown}
 j - 3 scrolls of immolation {unknown}
 k - 3 scrolls of amnesia {unknown}
 m - a scroll of enchant armour {unknown}
 p - a scroll of teleportation {unknown}
 s - a scroll of random uselessness {unknown}
 t - a scroll of fog {unknown}
Potions
 e - a potion of flight {unknown}
 h - a potion of haste {unknown}
 l - a potion of berserk rage {unknown}
 q - a potion of curing {unknown}
 v - a potion of might {unknown}
Books
 a - a book of Conjurations

   Spells                             Type                      Level
   a - Magic Dart                     Conjuration                  1
   b - Searing Ray                    Conjuration                  2
   c - Dazzling Spray                 Conjuration/Hexes            3
   d - Fulminant Prism                Conjuration/Hexes            4
   e - Iskenderun's Mystic Blast      Conjuration                  4
   f - Iskenderun's Battlesphere      Conjuration/Charms           5
Comestibles
 b - a bread ration


   Skills:
 - Level 1.7 Dodging
 - Level 1.7 Stealth
 + Level 4.8 Spellcasting
 + Level 6.6 Conjurations
 + Level 3.1 Charms


You had 7 spell levels left.
You knew the following spells:

 Your Spells              Type           Power        Failure   Level  Hunger
a - Iskenderun's Battles  Conj/Chrm      ###.....     58%         5    ######.
x - Searing Ray           Conj           ####..       1%          2    #......
z - Magic Dart            Conj           ####         1%          1    None


Dungeon Overview and Level Annotations

Branches:
Dungeon (5/15)
 Temple: D:4-7

Altars:
Ru
The Shining One

Shops:
D:4 (


Innate Abilities, Weirdness & Mutations

You can spit globs of acid.
You are resistant to acid.
Your golden yellow scales are hard (AC +6).
Your body does not fit into most forms of armour.
You are cold-blooded and may be slowed by cold attacks.


Message History

Grinder is almost dead.
Grinder hits you.
You take 3 damage, and have 28/45 hp.
You now have 5/12 mp.
The searing ray misses Grinder.
Grinder hits you but does no damage.
You now have 4/12 mp.
The searing ray hits Grinder.
You kill Grinder!
Your Charms skill increases to level 3!
You have reached level 7!
Your scales start taking on a golden yellow colour.
You can spit globs of acid.
You are resistant to acid.
You regained 3 hp, and now have 31/50 hp.
You start resting.
Magic restored.
You regained 12 hp, and now have 43/50 hp.
MP restored: 14 You start resting.
HP restored.
Health restored: 50 Are you sure you want to abandon this character and quit the game? (Confirm with "yes".)

..................#######
#....##
....####.......##.#.....#
#..####
.......#.##.#.###.#.....#
#..####
...............#.....>..#
#......
.......#.#..#..#..#..§..#
#....##
....####.....).#..#.....# ####.#
.......)......<.(.####### #.#
...#######.###.#.## ########.#
...# #.###.#@#### #........#
#<## #.##.......# #.#####..# #.#
#.......##.###.#####..#
#.###########..................#
........# #.#####.###.#####.##
..##.##.# #.#####.# #.#####.#
.....##.# #.......# #...)...#
<.....#.# ######### #########
.....⌠.⌠###


There were no monsters in sight!

Vanquished Creatures
  Grinder (D:4)
  An ogre (D:4)
  A scorpion (D:4)
  A howler monkey (D:4)
  A crimson imp (D:4)
  A wasp zombie (D:5)
  Crazy Yiuf (D:4)
  A giant frog skeleton (D:4)
  An orc wizard (D:4)
  A worker ant (D:4)
  5 adders
  An ooze (D:4)
  4 worms (D:3)
  4 dart slugs
  2 giant geckos
  9 orcs (D:4)
  5 bats
  4 giant cockroaches
  5 goblins
  7 hobgoblins
  5 jackals
  A ball python (D:2)
  4 giant newts
  3 kobolds
  13 rats
82 creatures vanquished.

Notes
Turn   | Place    | Note
--------------------------------------------------------------
     0 | D:1      | namelastname112 the Draconian Conjurer began the quest for the Orb.
     0 | D:1      | Reached XP level 1. HP: 14/14 MP: 3/3
   389 | D:1      | Reached XP level 2. HP: 20/20 MP: 1/5
   393 | D:1      | Learned a level 2 spell: Searing Ray
   884 | D:2      | Found a sacrificial altar of Ru.
   969 | D:2      | Reached XP level 3. HP: 10/26 MP: 1/7
  1900 | D:3      | Reached skill level 5 in Conjurations
  1900 | D:3      | Reached XP level 4. HP: 33/33 MP: 3/8
  3004 | D:4      | Reached XP level 5. HP: 29/38 MP: 4/10
  3005 | D:4      | Found Icamuun's Antique Weapon Emporium.
  3093 | D:4      | Learned a level 5 spell: Iskenderun's Battlesphere
  3471 | D:4      | Reached skill level 1 in Charms
  3602 | D:4      | Reached XP level 6. HP: 40/45 MP: 6/12
  3630 | D:4      | Reached skill level 6 in Conjurations
  3796 | D:4      | Found a glowing golden altar of the Shining One.
  3989 | D:4      | Noticed Crazy Yiuf
  3999 | D:4      | Killed Crazy Yiuf
  4005 | D:4      | Got a pitted mace
  4006 | D:4      | Identified the +10 mace of Okawaru's Benevolence {antimagic, rPois Str+4} (You found it on level 4 of the Dungeon)
  4337 | D:5      | Entered Level 5 of the Dungeon
  4374 | D:5      | Noticed Grinder
  4388 | D:5      | Paralysed by Grinder for 5 turns
  4591 | D:4      | Paralysed by Grinder for 3 turns
  4600 | D:4      | Killed Grinder
  4600 | D:4      | Your scales start taking on a golden yellow colour.
  4600 | D:4      | Reached XP level 7. HP: 31/50 MP: 4/14
  4716 | D:4      | Quit the game

Vault maps used:
D:1:      minmay_arrival_checkered_box, serial_bayou_pond_d
D:2:      nicolae_overflow_crystal_walls
D:3:      nrook_uturn
D:4:      serial_shops, shop_fountains, tso_altar, uniq_crazy_yiuf_cottage
D:5:      first_bread, dk_noncrumbling_4, kennysheep_nondescript,
          roderic_roman_lattice, uniq_grinder

Skill      XL: |  1  2  3  4  5  6 |
---------------+-------------------+-----
Spellcasting   | 3 4 |  4.8
Conjurations   | 5 6 |  6.6
Charms         | 1 3 |  3.1
Dodging        | |  1.7
Stealth        | |  1.7

Action                   |  1- 3 |  4- 6 |  7- 9 || total
-------------------------+-------+-------+-------++-------
Melee: Unarmed           |    10 |       |       ||    10
       Dagger            |    38 |    18 |       ||    56
       Tailslap          |     3 |     2 |       ||     5
       Flail             |       |    12 |       ||    12
       Quarterstaff      |       |     5 |       ||     5
 Cast: Magic Dart        |    60 |    44 |       ||   104
       Searing Ray       |     2 |    19 |       ||    21
  Use: Potion            |       |     1 |       ||     1
 Stab: Sleeping          |     1 |     1 |       ||     2
  Eat: Chunk             |     3 |     2 |       ||     5
       Meat ration       |       |     1 |       ||     1
       Bread ration      |       |     1 |       ||     1
Armor: Skin              |    11 |    22 |       ||    33
Dodge: Dodged            |    28 |    62 |       ||    90
